 Dungeon Crawl Stone Soup version 0.29.1-15-g9cfb28693d (webtiles) character file.

Game seed: 11346623708398172063

118 hawla the Chiller (level 5, -7/39 HPs)
             Began as a Meteoran Ice Elementalist on Apr 13, 2023.
             Mangled by Blork the orc
             ... wielding a +0 long sword
              (8 damage)
             ... on level 4 of the Dungeon.
             The game lasted 00:03:24 (619 turns).

hawla the Chiller (Meteoran Ice Elementalist)        Turns: 619, Time: 00:03:25

Health: -7/39      AC:  2    Str:  9    XL:     5   Next: 48%
Magic:  12/12      EV: 13    Int: 19    God:
Gold:   64         SH:  0    Dex: 14    Spells: 8/12 levels left

rFire   + . .      SeeInvis .   (no weapon)
rCold   + . .      Faith    .   (no shield)
rNeg    + . .      Spirit   .   a - +0 robe
rPois   .          Reflect  .   (no helmet)
rElec   .          Harm     .   i - scarf {rC+ rF+}
rCorr   .          Rampage  .   (no gloves)
Will    .....                   (no boots)
Stlth   +.........              (no amulet)
HPRegen 0.13/turn               f - ring of positive energy
MPRegen 0.13/turn               (no ring)

@: brilliant, glowing
A: sense surroundings 1, otherworldly, glowing, explore regen
a: no special abilities


You were on level 4 of the Dungeon.
You visited 1 branch of the dungeon, and saw 4 of its levels.

You collected 64 gold pieces.

Inventory:

Armour
 a - a +0 robe (worn)
 i - a scarf of resistance (worn)
Jewellery
 f - a ring of positive energy (left hand)
Scrolls
 c - 2 scrolls of teleportation {unknown}
 d - a scroll of fear {unknown}
 h - a scroll of identify {unknown}
Potions
 b - a potion of magic
 e - a potion of brilliance


   Skills:
 + Level 0.3 Fighting
 + Level 2.9 Dodging
 - Level 1.4 Stealth
 + Level 4.4 Spellcasting
 + Level 5.6 Ice Magic


You had 8 spell levels left.
You knew the following spells:

 Your Spells              Type           Power      Damage    Failure   Level
a - Freeze                Ice            100%       1d11      1%          1
b - Frozen Ramparts       Ice            76%        1d12      3%          3

Your spell library contained the following spells:

 Spells                   Type           Power      Damage    Failure   Level
 Ozocubu's Armour         Ice            38%        N/A       3%          3
 Scorch                   Fire           12%        2d6       21%         2
 Hailstorm                Conj/Ice       22%        3d7       38%         4
 Ice Form                 Ice/Tmut       22%        N/A       38%         4
 Summon Ice Beast         Ice/Summ       22%        N/A       38%         4
 Flame Wave               Conj/Fire      6%         2d5       78%         4
 Summon Cactus Giant      Summ           3%         N/A       100%        6


Dungeon Overview and Level Annotations

Branches:
Dungeon (4/15) Zot: 1779
 Temple: D:4-7

Altars:

Annotations:
D:4 Blork the orc


Innate Abilities, Weirdness & Mutations

You passively map a small area around you.
You are easily found by Zot.
You glow in the dark.
You regain HP and MP as you explore.


Message History

The centaur is almost dead.
The centaur hits you. The centaur kicks you.
* * * LOW HITPOINT WARNING * * *
The centaur hits you.
* * * LOW HITPOINT WARNING * * *
The centaur closely misses you.
It was a potion of brilliance.
You feel clever all of a sudden. The centaur misses you.
The centaur barely misses you.
Casting: Freeze (safe; 1% risk of failure)
Confirm with . or Enter, or press ? or * to list all spells.
Aiming: Freeze (safe; 1% risk of failure)
Press: ? - help, Shift-Dir - straight line, f/p - centaur
Aim: a centaur (almost dead)
You feel a surge of power!
You freeze the centaur!
You kill the centaur!
Your Spellcasting skill increases to level 4!
You have reached level 4!
You have reached level 5!
Blork the orc comes into view.
He is wielding a +0 long sword.
Blork the orc gestures wildly while chanting.
Blork the orc seems to speed up.
Casting: Freeze (safe; 1% risk of failure)
Confirm with . or Enter, or press ? or * to list all spells.
You don't know that spell.
Blork the orc points at you and mumbles some strange words.
The magic dart hits you!
Blork the orc gestures at you while chanting.
The puff of frost hits you. You resist.
* * * LOW HITPOINT WARNING * * *
You see here a +0 shortbow.
Blork the orc screams, "I'll make a cloak from your skin!"
Blork the orc points at you and mumbles some strange words.
The puff of frost hits you! You resist.
* * * LOW HITPOINT WARNING * * *
There is an escape hatch in the ceiling here.
Unknown command.
You can't go down here!
Blork the orc hits you with a +0 long sword!
You die...

*, * , , , ########### *
#.........#######
#########................
#.......@o...............
#........).w.............
#........................
#........................
#........................
##################.......
, #....... , ,* ,,
##+##### * , *


You could see Blork the orc (fast) and a worm.

Vanquished Creatures
  A centaur (D:4)
  An adder (D:2)
  2 worms (D:2)
  An orc (D:3)
  3 ball pythons
  An endoplasm (D:3)
  2 giant cockroaches (D:3)
  A goblin (D:2)
  2 hobgoblins
  2 quokkas (D:2)
  3 frilled lizards
  2 kobolds
  2 rats
23 creatures vanquished.

Notes
Turn   | Place    | Note
-------+----------+-------------------------------------------
     0 | D:1      | hawla the Meteoran Ice Elementalist began the quest for the
                  | Orb.
     0 | D:1      | Reached XP level 1. HP: 14/14 MP: 5/5
   110 | D:1      | Reached XP level 2. HP: 20/20 MP: 3/6
   228 | D:2      | Reached skill level 5 in Ice Magic
   228 | D:2      | Reached XP level 3. HP: 26/26 MP: 2/8
   277 | D:2      | Learned a level 3 spell: Frozen Ramparts
   424 | D:2      | Found a faded altar of an unknown god.
   588 | D:4      | Noticed a centaur
   594 | D:4      | Killed a centaur
   595 | D:4      | Reached XP level 4. HP: 5/34 MP: 6/11
   595 | D:4      | Reached XP level 5. HP: 6/39 MP: 6/12
   605 | D:4      | Noticed Blork the orc
   618 | D:4      | HP: 1/39 [Blork the orc/puff of frost (7)]
   619 | D:4      | Mangled by Blork the orc

Illustrated notes

Levels and vault maps discovered:
D:1:      eino_arrival_cavern_b, layout_basic, serial_shops, shop
D:2:      layout_loops_cross, ebering_ecumenical_altar_mist,
          kennysheep_generic_room_10
D:3:      layout_rooms
D:4:      layout_gridville, uniq_blork_the_orc

Skill      XL: |  1  2  3 |
---------------+----------+-----
Spellcasting   | 3 4 |  4.4
Ice Magic      | 5 |  5.6
Fighting       | |  0.3
Dodging        | |  2.9
Stealth        | |  1.4

Action                   |  1- 3 |  4- 6 || total
-------------------------+-------+-------++-------
Melee: Unarmed           |     4 |       ||     4
 Cast: Freeze            |    41 |       ||    41
       Frozen Ramparts   |     2 |       ||     2
  Use: Potion            |     1 |       ||     1
Armor: Robe              |     5 |       ||     5
Dodge: Dodged            |    21 |       ||    21
